 Dungeon Crawl Stone Soup version 0.31.0-11-ge490571c62 (webtiles) character file.

Game seed: 9090825045505529227

16 qw the Shooter (level 2, -1/14 HPs)
             Began as a Spriggan Hunter on Feb 5, 2024.
             Succumbed to their own poison gas
             ... on level 1 of the Dungeon.
             The game lasted 00:00:38 (714 turns).

qw the Shooter (Spriggan Hunter)                     Turns: 714, Time: 00:00:39

Health: -1/14      AC:  2    Str:  7    XL:     2   Next: 41%
Magic:  3/3        EV: 19    Int: 10    God:
Gold:   44         SH:  0    Dex: 18    Spells: 1/1 levels left

rFire   . . .        a - +0 shortbow
rCold   . . .        (shield currently unavailable)
rNeg    . . .        c - +0 robe
rPois   .            (helmet restricted)
rElec   +            (no cloak)
rCorr   .            (gloves unavailable)
SInv    +            (boots unavailable)
Will    .....        (no amulet)
Stlth   ++           (no ring)
HPRegen 0.22/turn    (no ring)
MPRegen 0.08/turn

%: no passive effects
@: lethally poisoned (-1 -> -8), very quick
A: very small, no large weapons, unfitting armour, see invisible, speed 3,
deterioration 1, electricity resistance, evolution 1
a: no special abilities


You were on level 1 of the Dungeon.
You visited 1 branch of the dungeon, and saw 1 of its levels.

You collected 44 gold pieces.


Innate Abilities, Weirdness & Mutations

You are very small and have problems with some larger weapons.
You are too small for most types of armour.
You have supernaturally acute eyesight. (SInv)
You cover ground extremely quickly. (Speed+++)
Your body sometimes deteriorates upon taking damage.
You are resistant to electric shocks. (rElec)
You have hidden genetic potential.


   Skills:
 - Level 1.5 Fighting
 + Level 4.1 Ranged Weapons
 - Level 4.0 Dodging
 - Level 1.5 Stealth


You had one spell level left.
You didn't know any spells.
Your spell library was empty.

Inventory:

Hand Weapons
 a - a +0 shortbow (weapon)
Armour
 c - a +0 robe (worn)
Potions
 j - a potion of heal wounds

Dungeon Overview and Level Annotations

Branches:
Dungeon (1/15)

Altars:


Message History

Done exploring.
What level of the Dungeon? (default 1, ? - help) Sorry, I don't know how to get there.
Enter note:
Enter note:
Enter note:
Enter note:
Enter note:
Enter note:
Enter note:
Enter note:
Enter note:
Enter note:
Enter note:
Enter note:
Enter note:
Enter note:
Enter note: You are engulfed in poison gas.
You are poisoned.
You feel sick.
708 ||| Stepping ~*~*~tactically~*~*~ (cloud).
You feel sick.
Things that are here:
a potion of berserk rage; a scroll of butterflies
709 ||| DRINKING potion of curing.
You feel better.
709 ||| (to cure poison)
You are engulfed in poison gas.
You are lethally poisoned!
You feel very sick.
711 ||| Stepping ~*~*~tactically~*~*~ (cloud).
You feel sick.
Things that are here:
a potion of berserk rage; a scroll of butterflies
There is a lethal amount of poison in your body!
You feel very sick.
There is a lethal amount of poison in your body!
You feel sick.
There is a lethal amount of poison in your body!
You die...

.>...:.# #####.####
.......# #########.#####
.......# #########.#####
.......###########.#####
.......'...........#####
.......#################
.......# ###############
######.# ###############
#.# ##0.000@####### #.#
#######0####### ####.#
#######0####### #....#
#######ยค####### #.####
#######0####### #.#
#######0####### #.#
#.....00####### #.#
#.############# #.# #.#


There were no monsters in sight!

Vanquished Creatures
  A dart slug (D:1)
  A goblin (D:1)
  2 hobgoblins (D:1)
  A quokka (D:1)
  3 ball pythons (D:1)
  2 frilled lizards (D:1)
  3 kobolds (D:1)
  3 rats (D:1)
16 creatures vanquished.

Notes
Turn   | Place    | Note
-------+----------+-------------------------------------------
     0 | D:1      | qw the Spriggan Hunter began the quest for the Orb.
     0 | D:1      | Reached XP level 1. HP: 10/10 MP: 2/2
     0 | D:1      | 0 ||| qw: Version: 0.3-a-160-g6735b56
     0 | D:1      | 0 ||| qw: Game counter: 6310
     0 | D:1      | 0 ||| qw: Melee chars always use a shield: true
     0 | D:1      | 0 ||| qw: God list: Okawaru
     0 | D:1      | 0 ||| qw: Allow faded altars: false
     0 | D:1      | 0 ||| qw: Do Orc after clearing Dungeon:15 true
     0 | D:1      | 0 ||| qw: Do second Lair branch before Depths: true
     0 | D:1      | 0 ||| qw: Lair rune preference: random
     0 | D:1      | 0 ||| qw: Goals: Normal
     0 | D:1      | 0 ||| PLANNING D:1-11
    72 | D:1      | Found a faded altar of an unknown god.
   140 | D:1      | Reached skill level 3 in Dodging
   177 | D:1      | Reached XP level 2. HP: 14/14 MP: 3/3
   696 | D:1      | 696 ||| READING scroll labelled XOAGAR YTAWAE.
   697 | D:1      | 697 ||| READING scroll labelled FEULOH LUG LIO.
   698 | D:1      | 698 ||| READING 3 scrolls labelled SYGYEC JEGEZA.
   698 | D:1      | 698 ||| IDENTIFYING fuming clear potion
   699 | D:1      | 699 ||| READING 2 scrolls of identify.
   699 | D:1      | 699 ||| IDENTIFYING green potion
   700 | D:1      | 700 ||| READING scroll of identify.
   700 | D:1      | 700 ||| IDENTIFYING silvery potion
   701 | D:1      | 701 ||| READING scroll labelled LEFFYBATZO.
   702 | D:1      | 702 ||| READING scroll labelled LIVOTH PORHOMU.
   703 | D:1      | 703 ||| DRINKING 2 fuming puce potions.
   703 | D:1      | Gained mutation: You do not regenerate when monsters are
                  | visible. [potion of mutation]
   704 | D:1      | 704 ||| DRINKING potion of mutation.
   704 | D:1      | Lost mutation: You do not regenerate when monsters are
                  | visible. [potion of mutation]
   704 | D:1      | Gained mutation: You have hidden genetic potential. [potion
                  | of mutation]
   704 | D:1      | Gained mutation: Your body sometimes deteriorates upon
                  | taking damage. [potion of mutation]
   704 | D:1      | Gained mutation: You are resistant to electric shocks.
                  | (rElec) [potion of mutation]
   705 | D:1      | 705 ||| DROPPING scroll of butterflies.
   706 | D:1      | 706 ||| DROPPING potion of berserk rage.
   708 | D:1      | 708 ||| Stepping ~*~*~tactically~*~*~ (cloud).
   709 | D:1      | 709 ||| DRINKING potion of curing.
   709 | D:1      | 709 ||| (to cure poison)
   711 | D:1      | 711 ||| Stepping ~*~*~tactically~*~*~ (cloud).
   712 | D:1      | HP: 3/14 [poisoned by you (poison gas)]
   713 | D:1      | HP: 1/14 [poisoned by you (poison gas)]
   714 | D:1      | Succumbed to their own poison gas

Levels and vault maps discovered:
D:1:      dpeg_arrival_renting, layout_basic,
          hellmonk_ecumenical_altar_arch_garden

Skill      XL: |  1  2 |
---------------+-------+-----
Dodging        | 3 4 |  4.0
Fighting       | |  1.5
Ranged Weapons | |  4.1
Stealth        | |  1.5

Action                     || total
---------------------------++-------
   Fire: Shortbow          ||    35
    Use: Scroll            ||     7
         Potion            ||     3

Table legend:
 A = Non-vault XP
 B = Vault XP
 C = Vault XP percentage of total XP
 D = Non-vault monster count
 E = Vault monster count
 F = Vault count percentage of total count
                 A         B        C        D         E       F
            +---------+---------+-------+---------+---------+-------
      Total |      24 |       0 |   0.0 |      16 |       0 |   0.0
            +---------+---------+-------+---------+---------+-------
        D:1 |      24 |       0 |   0.0 |      16 |       0 |   0.0
            +---------+---------+-------+---------+---------+-------
